 Dungeon Crawl Stone Soup version 0.29.1-1-gd02db6906a (webtiles) character file.

Game seed: 3339311492095019797

9 NullDivider the Magician (level 2, 0/17 HPs)
             Began as an Octopode Hedge Wizard on Sept 22, 2022.
             Slain by a hobgoblin (4 damage)
             ... on level 1 of the Dungeon.
             The game lasted 00:01:32 (452 turns).

NullDivider the Magician (Octopode Hedge Wizard)     Turns: 452, Time: 00:01:33

Health: 0/17       AC:  1    Str:  9    XL:     2   Next: 12%
Magic:  6/6        EV: 13    Int: 16    God:
Gold:   34         SH:  0    Dex: 11    Spells: 2/7 levels left

rFire   . . .      SeeInvis .   a - +0 dagger
rCold   . . .      Faith    .   (no shield)
rNeg    . . .      Spirit   .   b - +0 hat
rPois   .          Reflect  .   (no amulet)
rElec   .          Harm     .   (no ring)
rCorr   .          Rampage  .   (no ring)
Will    .....                   (no ring)
Stlth   +++.......              (no ring)
HPRegen 0.05/turn               (no ring)
MPRegen 0.10/turn               (no ring)
                                (no ring)
                                (no ring)

@: no status effects
A: almost no armour, amphibious, 8 rings, camouflage 1, gelatinous body 1,
(nimble swimmer 1), tentacles
a: no special abilities


You were on level 1 of the Dungeon.
You visited 1 branch of the dungeon, and saw 1 of its levels.

You collected 34 gold pieces.

Inventory:

Hand Weapons
 a - a +0 dagger (weapon)
Armour
 b - a +0 hat (worn)
Scrolls
 d - a scroll of identify {unknown}
 e - a scroll of amnesia {unknown}
 f - a scroll of fear {unknown}
Potions
 c - a potion of magic


   Skills:
 * Level 0.5 Short Blades
 + Level 2.0 Dodging
 * Level 2.9 Stealth
 * Level 3.0 Spellcasting
 + Level 1.1 Conjurations
 + Level 1.1 Summonings
 + Level 1.2 Translocations


You had 2 spell levels left.
You knew the following spells:

 Your Spells              Type           Power      Damage    Failure   Level
a - Magic Dart            Conj           24%        1d4       12%         1
b - Call Imp              Summ           6%         N/A       19%         2
c - Blink                 Tloc           12%        N/A       17%         2

Your spell library contained the following spells:

 Spells                   Type           Power      Damage    Failure   Level
 Slow                     Hex            8%         N/A       19%         1
 Call Canine Familiar     Summ           6%         N/A       34%         3
 Conjure Flame            Conj/Fire      4%         6-21      41%         3
 Portal Projectile        Hex/Tloc       8%         N/A       41%         3
 Mephitic Cloud           Conj/Pois/Air  3%         N/A       43%         3
 Leda's Liquefaction      Hex/Erth       1%         N/A       88%         4


Dungeon Overview and Level Annotations

Branches:
Dungeon (1/15)

Altars:


Innate Abilities, Weirdness & Mutations

You cannot wear most types of armour.
You are amphibious.
You can wear up to eight rings at the same time.
Your skin changes colour to match your surroundings (Stealth+).
Your rubbery body absorbs attacks. (AC +1, EV +1)
((You are camouflaged when in or above water. (Stealth+)))
You have tentacles for arms and can constrict up to eight enemies at once.


Message History

You hit the bat. Your grab misses the bat.
The bat is severely wounded.
The bat barely misses you.
The magic dart hits the bat.
You kill the bat!
Magic restored.
You now have 34 gold pieces (gained 3).
You pick up a book of the Hunter and begin reading...
You add the spells Call Canine Familiar, Portal Projectile and Leda's Liquefaction to your library.
An endoplasm comes into view.
You see here a scarf of harm.
A giant cockroach, a hobgoblin and a ball python come into view.
A goblin and a bat come into view.
The bat barely misses you.
The hobgoblin shouts!
The goblin shouts!
The ball python hisses angrily.
You hear an angry hiss.
The endoplasm quivers.
The bat barely misses you.
A ball python comes into view.
The hobgoblin hits you.
You hit the hobgoblin but do no damage. You grab the hobgoblin.
You constrict the hobgoblin. The ball python bites you.
The ball python grabs you. The ball python constricts you.
The giant cockroach bites you.
You escape the ball python's grasp.
You release your grip on the hobgoblin.
The hobgoblin attacks as you move away! The hobgoblin closely misses you.
The bat closely misses you. The endoplasm hits you. The bat hits you.
The hobgoblin attacks as you move away!
The hobgoblin hits you but does no damage.
The endoplasm attacks as you move away! The endoplasm hits you.
* * * LOW HITPOINT WARNING * * *
The bat attacks as you move away! The bat barely misses you. x2
The bat closely misses you. The hobgoblin attacks as you move away!
The hobgoblin barely misses you. The bat hits you.
* * * LOW HITPOINT WARNING * * *
The hobgoblin attacks as you move away! The hobgoblin misses you.
The bat closely misses you. The hobgoblin attacks as you move away!
The hobgoblin hits you.
You die...

#....~.#.##.#
###########
#......#.##.##
#..
#............#
#.#
#####.##.###.#
#.. #.##.# .
#.. #.##.# #..
#.##.# ....
#..#.# ......
####..@#
..###...
#....g.## .
##..
##..###.b[#
### ##.. #.S.#
###...# ##J#.#
.......##Bg#.#
#....S##.#
#.#.....#.#
#.......# #.#


You could see an endoplasm, a giant cockroach, a hobgoblin, a goblin, a bat and
2 ball pythons.

Vanquished Creatures
  5 bats (D:1)
  2 endoplasms (D:1)
  A frilled lizard (D:1)
8 creatures vanquished.

Vanquished Creatures (others)
  A fungus (D:1)
1 creature vanquished.

Grand Total: 9 creatures vanquished

Notes
Turn   | Place    | Note
-------+----------+-------------------------------------------
     0 | D:1      | NullDivider the Octopode Hedge Wizard began the quest for
                  | the Orb.
     0 | D:1      | Reached XP level 1. HP: 11/11 MP: 4/4
   252 | D:1      | Reached XP level 2. HP: 17/17 MP: 6/6
   255 | D:1      | Learned a level 2 spell: Call Imp
   258 | D:1      | Learned a level 2 spell: Blink
   452 | D:1      | Slain by a hobgoblin

Illustrated notes

Levels and vault maps discovered:
D:1:      minmay_arrival_plants_in_alcoves, layout_loops_ring,
          shapermc_ecumenical_altar_acropolis, chequers_serial_rivers_micro_c,
          minmay_bisected

Action                   || total
-------------------------++-------
Melee: Dagger            ||    14
       Tentacles         ||     4
       Constrict         ||     3
 Cast: Magic Dart        ||     4
 Stab: Sleeping          ||     5
Armor: Skin              ||     3
Dodge: Dodged            ||    26
